 Dungeon Crawl Stone Soup version 0.30.1-4-g462c640d31 (webtiles) character file.

Game seed: 13965054425615393055

5 Diggabert the Shield-Bearer (level 1, 0/11 HPs)
             Began as a Vine Stalker Fighter on Aug 13, 2023.
             Slain by a gnoll
             ... wielding a +0 spear
              (2 damage)
             ... on level 1 of the Dungeon.
             The game lasted 00:00:13 (75 turns).

Diggabert the Shield-Bearer (Vine Stalker Fighter)    Turns: 75, Time: 00:00:14

Health: 0/11       AC:  6    Str: 18    XL:     1   Next: 80%
Magic:  0/2        EV:  9    Int:  8    God:
Gold:   0          SH:  4    Dex: 13    Spells: 0/0 levels left

rFire   . . .        a - +0 rapier
rCold   . . .        c - +0 buckler
rNeg    . . .        b - +0 scale mail
rPois   .            (no helmet)
rElec   .            (no cloak)
rCorr   .            (no gloves)
SInv    .            (no boots)
Will    .....        (no amulet) Stlth
                     (no ring)
HPRegen 0.21/turn    (no ring)
MPRegen 0.08/turn

%: guardian spirit
@: no status effects
A: fangs 2, magic shield, antimagic bite, no potion heal 2
a: no special abilities


You were on level 1 of the Dungeon.
You visited 1 branch of the dungeon, and saw 1 of its levels.

Inventory:

Hand Weapons
 a - a +0 rapier (weapon)
Armour
 b - a +0 scale mail (worn)
 c - a +0 buckler (worn)
Potions
 d - a potion of might


   Skills:
 * Level 2.7 Fighting
 * Level 1.8 Short Blades
 * Level 2.5 Armour
 * Level 0.1 Dodging
 * Level 2.8 Shields


You couldn't memorise any spells.
You didn't know any spells.
Your spell library was empty.

Dungeon Overview and Level Annotations

Branches:
Dungeon (1/15)

Altars:


Innate Abilities, Weirdness & Mutations

You have extremely sharp teeth.
When hurt, damage is shared between your health and your magic reserves.
Your bite disrupts and absorbs the magic of your enemies.
Potions cannot restore your health.


Message History

A gnoll comes into view. It is wielding a +0 spear.
A ball python comes into view.
The ball python hisses angrily.
A goblin and a bat come into view.
The goblin is wielding a +1 dagger of flaming.
The goblin shouts!
You barely miss the bat. Your bite misses the bat. You block the bat's attack.
The gnoll barely misses you. The bat hits you but does no damage.
You hit the bat.
You kill the bat!
The gnoll hits you from afar with a +0 spear.
You closely miss the ball python. You bite the ball python.
You kill the ball python!
You block the gnoll's attack. The gnoll closely misses you.
You barely miss the goblin. You block the gnoll's attack.
The goblin hits you with a +1 dagger of flaming.
The goblin burns you.
The goblin hits you with a +1 dagger of flaming.
The goblin burns you.
You are too injured to fight recklessly!
You are too injured to fight recklessly!
You are too injured to fight recklessly!
You hit the goblin. You bite the goblin, but do no damage.
The goblin is severely wounded.
You block the goblin's attack. The gnoll hits you but does no damage.
You closely miss the goblin. You bite the goblin.
You kill the goblin!
The gnoll hits you from afar with a +0 spear.
* * * LOW HITPOINT WARNING * * *
You block the gnoll's attack.
Things that are here:
a +1 dagger of flaming; a goblin corpse You hit the gnoll.
Your bite misses the gnoll.
The gnoll is moderately wounded.
The gnoll hits you with a +0 spear.
* * * LOW HITPOINT WARNING * * *
You closely miss the gnoll.
The gnoll is moderately wounded.
The gnoll hits you with a +0 spear.
You die...

### ##### #.##### #....
#.....# #.... #.###.#
###....######.# #.#
.......+....#†###.#
.......####.#...#.#
.......g@....>#.#.#
###.....###...#.#.#
............#.#.#.#####
#######.###.#...#.....#
... #.#.#######.# ...
#.... ..#...#
.....###.# #.#.###
+#.... #.# #.#.# ####
.###.#.# #.#)#


You could see a gnoll.

Vanquished Creatures
  A bat (D:1)
  A giant cockroach (D:1)
  A goblin (D:1)
  A ball python (D:1)
  A kobold (D:1)
5 creatures vanquished.

Notes
Turn   | Place    | Note
-------+----------+-------------------------------------------
     0 | D:1      | Diggabert the Vine Stalker Fighter began the quest for the
                  | Orb.
     0 | D:1      | Reached XP level 1. HP: 11/11 MP: 2/2
    75 | D:1      | Slain by a gnoll

Illustrated notes

Levels and vault maps discovered:
D:1:      erik_arrival_blinker_ship, layout_basic, serial_shops,
          nicolae_shop_mannequins, st_stairs_6

Action                     || total
---------------------------++-------
  Melee: Rapier            ||    12
         Bite              ||     5
 Armour: Scale mail        ||     2
  Dodge: Dodged            ||     6
  Block: Buckler           ||     6
